 Dungeon Crawl Stone Soup version 0.30-a0-719-gcc4359ea44 (webtiles) character file.

Game seed: 183758390770092383

317 mandoloar the Conjurer (level 6, 0/34 HPs)
             Began as a Deep Elf Conjurer on Jan 26, 2023.
             Was an Initiate of Vehumet.
             Succumbed to a scorpion's poison
             ... in the Ecumenical Temple on Jan 27, 2023.
             The game lasted 00:10:18 (4125 turns).

mandoloar the Conjurer (Deep Elf Conjurer)          Turns: 4125, Time: 00:10:19

Health: 0/34       AC:  2    Str:  4    XL:     6   Next: 20%
Magic:  1/16       EV: 12    Int: 25    God:    Vehumet [......]
Gold:   185        SH:  0    Dex: 13    Spells: 5/16 levels left

rFire   . . .      SeeInvis .    f - +1 dagger (venom)
rCold   . . .      Faith    .    (no shield)
rNeg    . . .      Spirit   .    a - +0 robe
rPois   +          Reflect  .    (no helmet)
rElec   .          Harm     .    (no cloak)
rCorr   .          Rampage  .    (no gloves)
Will    .....                    (no boots)
Stlth   ++                       (no amulet)
HPRegen 0.25/turn                h - ring of poison resistance
MPRegen 0.15/turn                (no ring)

@: lethally poisoned (0 -> -5)
A: no striking features
a: Renounce Religion


You were in the Ecumenical Temple.
You worshipped Vehumet.
Vehumet was noncommittal.
You visited 2 branches of the dungeon, and saw 6 of its levels.

You collected 185 gold pieces.

Inventory:

Hand Weapons
 f - a +1 dagger of venom (weapon)
Armour
 a - a +0 robe (worn)
Jewellery
 h - a ring of poison resistance (left hand)
Scrolls
 e - a scroll of fog {unknown}
 k - a scroll of poison
 l - a scroll of fear {unknown}
 m - a scroll of teleportation
Potions
 b - a potion of magic
 c - a potion of heal wounds {unknown}
 d - a potion of berserk rage
 g - a potion of curing
 i - a potion of attraction
 j - a potion of invisibility {unknown}


   Skills:
 + Level 1.6 Fighting
 - Level 2.4 Dodging
 + Level 4.0 Stealth
 + Level 5.7 Spellcasting
 + Level 6.0 Conjurations


You had 5 spell levels left.
You knew the following spells:

 Your Spells              Type           Power      Damage    Failure   Level
a - Magic Dart            Conj           100%       1d8       1%          1
b - Searing Ray           Conj           74%        2d7       1%          2
c - Fulminant Prism       Conj/Hex       11%        3d9       22%         4
d - Iskenderun's Mystic   Conj/Tloc      22%        2d6       22%         4

Your spell library contained the following spells:

 Spells                   Type           Power      Damage    Failure   Level
 Dazzling Flash           Conj/Hex       44%        N/A       7%          3
 Apportation              Tloc           14%        N/A       8%          1
 Ensorcelled Hibernation  Hex/Ice        14%        N/A       12%         2
 Passwall                 Tmut/Erth      5%         N/A       12%         2
 Swiftness                Air            7%         N/A       22%         3
 Alistair's Intoxication  Tmut/Pois      4%         N/A       91%         5


Dungeon Overview and Level Annotations

Branches:
Dungeon (5/15)             Temple (1/1) D:4

Altars:
Ashenzari
Cheibriados
Dithmenos
Elyvilon
Fedhas
Gozag
Hepliaklqana
Kikubaaqudgha
Makhleb
Nemelex Xobeh
Okawaru
Qazlal
Ru
Sif Muna
Trog
Uskayaw
Vehumet
Wu Jian
Xom
Yredelemnul
The Shining One

Annotations:
D:5 Duvessa


Message History

Aim: a scorpion (81% to hit)
The searing ray hits the scorpion!
The scorpion is moderately wounded. (Press . to maintain the ray.)
The scorpion closely misses you.
The searing ray hits the scorpion but does no damage.
The scorpion is moderately wounded.
The scorpion barely misses you.
Without enough magic to sustain it, your searing ray dissipates.
The scorpion stings you. The scorpion attacks as you move away!
The scorpion misses you. The scorpion stings you.
The scorpion barely misses you. The scorpion closely misses you.
The scorpion stings you. The scorpion attacks as you move away!
The scorpion stings you! The scorpion closely misses you.
The magic dart hits the scorpion but does no damage.
The scorpion is moderately wounded.
The scorpion closely misses you.
The magic dart hits the scorpion.
The scorpion is heavily wounded.
The scorpion barely misses you. The scorpion attacks as you move away!
The scorpion stings you.
You are poisoned.
The scorpion poisons you!
You feel very sick. The scorpion attacks as you move away!
The scorpion stings you.
You feel very sick.
Hit: f) +1 dagger (venom)
Press: ? - help, Dir - move target, f/p - scorpion
Aim: a scorpion (heavily wounded, about 37% to evade your +1 dagger of venom)
Okay, then.
You aren't carrying any items that you can evoke.
Unknown command.
The scorpion attacks as you move away! The scorpion stings you.
* * * LOW HITPOINT WARNING * * *
x2 You feel sick.
The scorpion stings you.
* * * LOW HITPOINT WARNING * * *
You die...

.#..........###...............♣
##........###................♣♣
##......###.................♣♣
#......##..................♣♣
#.....##..................♣♣
#.....#..................♣♣
#....##.................♣♣
.....#.................♣♣
....##..........@.....♣♣
....#................♣♣
...##...........s...♣♣
...#...............♣♣♣♣♣♣
..##..............♣♣♣...♣♣♣
..#...............♣.......♣♣
.##.............♣♣.........♣♣
.#.............♣♣...........♣
##............♣♣♣...........♣♣


You could see a scorpion.

Vanquished Creatures
  A phantom (D:4)
  An orc priest (D:4)
  A hound (D:4)
  A gnoll bouda (D:3)
  5 adders
  3 gnolls (D:3)
  A white imp (D:4)
  A worm (D:1)
  2 dart slugs
  2 orcs
  6 bats
  4 endoplasms
  4 giant cockroaches
  5 goblins
  5 hobgoblins
  6 jackals
  2 quokkas
  4 ball pythons
  2 frilled lizards (D:2)
  9 kobolds
  5 rats
70 creatures vanquished.

Vanquished Creatures (others)
  3 fulminant prisms (D:3)
3 creatures vanquished.

Grand Total: 73 creatures vanquished

Notes
Turn   | Place    | Note
-------+----------+-------------------------------------------
     0 | D:1      | mandoloar the Deep Elf Conjurer began the quest for the
                  | Orb.
     0 | D:1      | Reached XP level 1. HP: 10/10 MP: 6/6
   158 | D:1      | Found a faded altar of an unknown god.
   351 | D:1      | Reached XP level 2. HP: 15/15 MP: 6/8
   862 | D:2      | Reached XP level 3. HP: 19/19 MP: 6/10
   866 | D:2      | Learned a level 2 spell: Searing Ray
   871 | D:2      | Reached skill level 5 in Conjurations
  1761 | D:2      | Reached XP level 4. HP: 24/24 MP: 7/12
  1906 | D:2      | Learned a level 4 spell: Fulminant Prism
  1911 | D:2      | Learned a level 4 spell: Iskenderun's Mystic Blast
  2400 | D:3      | Reached skill level 5 in Spellcasting
  2433 | D:3      | Reached XP level 5. HP: 28/28 MP: 0/14
  3233 | D:3      | You fall into a shaft and drop 2 floors!
  3233 | D:5      | Entered Level 5 of the Dungeon
  3235 | D:5      | Noticed Duvessa
  3258 | D:4      | Reached skill level 1 in Fighting
  3339 | D:4      | Found a staircase to the Ecumenical Temple.
  3339 | D:4      | Noticed a phantom
  3344 | D:4      | Killed a phantom
  3349 | Temple   | Entered the Ecumenical Temple
  3567 | Temple   | Became a worshipper of Vehumet
  4019 | D:4      | Reached XP level 6. HP: 30/34 MP: 10/16
  4081 | D:4      | Reached skill level 6 in Conjurations
  4124 | Temple   | HP: 1/34 [scorpion (6)]
  4125 | Temple   | Succumbed to a scorpion's poison

Illustrated notes

Levels and vault maps discovered:
D:1:      minmay_arrival_five_plusses, layout_basic,
          dreamdust_ecumenical_altar_statues, minmay_fountain_box
D:2:      minmay_general_purpose_star, layout_rooms
D:3:      cheibrodos_thug_alley, layout_basic, hangedman_decor_diamond_cutter
D:4:      layout_rooms, minmay_temple_entry_water_ring,
          chequers_serial_rivers_small_b
D:5:      layout_basic, gammafunk_ghost_stat_death, hex_tiny, uniq_duvessa
Temple:   mainiacjoe_temple_starburst

Skill      XL: |  1  2  3  4  5  6 |
---------------+-------------------+-----
Spellcasting   | 4 5 |  5.7
Conjurations   | 5 6 |  6.0
Stealth        | 3 4 |  4.0
Fighting       | 1 |  1.6
Dodging        | |  2.4

Action                     |  1- 3 |  4- 6 || total
---------------------------+-------+-------++-------
   Cast: Magic Dart        |    49 |    42 ||    91
         Searing Ray       |     5 |    12 ||    17
         Fulminant Prism   |       |     3 ||     3
         Iskenderun's Myst |       |     1 ||     1
    Use: Scroll            |     3 |     4 ||     7
 Armour: Robe              |     5 |     9 ||    14
  Dodge: Dodged            |    10 |    36 ||    46

Table legend: (Time is in decaauts)
 A = Elapsed time spent in this place.
 B = Non-inter-level travel time spent in this place.
 C = Inter-level travel time spent in this place.
 D = Time resting spent in this place.
 E = Time spent auto-exploring this place.
 F = Levels seen in this place.
 G = Mean time per level.
                   A        B        C        D        E       F      G
               +--------+--------+--------+--------+--------+-----+--------+
         Total |   4137 |   3960 |    177 |   1041 |   2129 |   6 |  689.5 |
       Dungeon |   3496 |   3367 |    129 |   1041 |   1570 |   5 |  699.2 |
        Temple |    640 |    592 |     48 |      0 |    559 |   1 |  640.0 |
               +--------+--------+--------+--------+--------+-----+--------+

Top non-repeatable levels by time:
     D:1: 1188 daAuts
     D:3: 1135 daAuts
     D:2: 906 daAuts
  Temple: 640 daAuts
     D:4: 258 daAuts
     D:5: 7 daAuts
